PL
PHOENIX HOTSPUR @ RICHARDSON CITY THUNDERCATS
09/15/2022
 
TOP OF THE 1ST
Phoenix Hotspur batting - Pitching for Richardson City Thundercats : LHP Jesús Gonzáles
Pitching: LHP Jesús Gonzáles
Batting: LHB John Cossey 0-0: Ground out 6-3 (Groundball, 6M)
Batting: RHB Raúl González 0-0: Ball
1-0: Foul Ball, location: 2F
1-1: Ball
2-1: Swinging Strike
2-2: Strikes out looking
Batting: SHB Dave Orchard 0-0: Called Strike
0-1: Ball
1-1: Ball
2-1: Fly out, F8 (Line Drive, 8RM)
Top of the 1st over - 0 run(s), 0 hit(s), 0 error(s), 0 left on base; Phoenix 0 - Richardson City 0
BOTTOM OF THE 1ST
Richardson City Thundercats batting - Pitching for Phoenix Hotspur : LHP Wes Hamm
Pitching: LHP Wes Hamm
Batting: RHB Chriss Mann 0-0: Ball
1-0: Called Strike
1-1: Ground out 6-3 (Groundball, 6)
Batting: RHB Juan Cabrera 0-0: Ball
1-0: Called Strike
1-1: Ground out 6-3 (Groundball, 6M)
Batting: RHB Nate Cates 0-0: Ball
1-0: Swinging Strike
1-1: Ground out 5-3 (Groundball, 56)
Bottom of the 1st over - 0 run(s), 0 hit(s), 0 error(s), 0 left on base; Phoenix 0 - Richardson City 0
TOP OF THE 2ND
Phoenix Hotspur batting - Pitching for Richardson City Thundercats : LHP Jesús Gonzáles
Batting: RHB Pedro Torrez 0-0: Ball
1-0: Foul Ball, location: 2F
1-1: Foul Ball, location: 2F
1-2: Ground out 6-3 (Groundball, 6M)
Batting: RHB Juan Banda 0-0: Ball
1-0: Ball
2-0: Swinging Strike
2-1: Called Strike
2-2: Ground out 4-3 (Groundball, 4M)
Batting: RHB Keith Burnett 0-0: Called Strike
0-1: Ball
1-1: Ball
2-1: Ball
3-1: Called Strike
3-2: Foul Ball, location: 2F
3-2: SINGLE (Line Drive, 89S)
Batting: LHB Clark Espinosa 0-0: Called Strike
0-1: Swinging Strike
0-2: Strikes out swinging
Top of the 2nd over - 0 run(s), 1 hit(s), 0 error(s), 1 left on base; Phoenix 0 - Richardson City 0
BOTTOM OF THE 2ND
Richardson City Thundercats batting - Pitching for Phoenix Hotspur : LHP Wes Hamm
Batting: RHB Yong-oon Yi 0-0: Ball
1-0: Ball
2-0: Called Strike
2-1: Ball
3-1: Foul Ball, location: 2F
3-2: Fly out, F9 (Flyball, 9M)
Batting: SHB Eugene Parrish 0-0: Ball
1-0: Fly out, F6 (Line Drive, 6M)
Batting: RHB Joey Jones 0-0: Foul Ball, location: 2F
0-1: Called Strike
0-2: Fly out, F9 (Popup, 34D)
Bottom of the 2nd over - 0 run(s), 0 hit(s), 0 error(s), 0 left on base; Phoenix 0 - Richardson City 0
TOP OF THE 3RD
Phoenix Hotspur batting - Pitching for Richardson City Thundercats : LHP Jesús Gonzáles
Batting: RHB Juan Aguirre 0-0: Ground out 6-3 (Groundball, 6)
Batting: RHB Jorge Gonzáles 0-0: SINGLE (Groundball, 34D)
Batting: LHB John Cossey 0-0: Foul Ball, location: 2F
0-1: Foul Ball, location: 2F
0-2: Ball
1-2: Strikes out looking
Batting: RHB Raúl González 0-0: Ball
1-0: Fly out, F7 (Flyball, 7D)
Top of the 3rd over - 0 run(s), 1 hit(s), 0 error(s), 1 left on base; Phoenix 0 - Richardson City 0
BOTTOM OF THE 3RD
Richardson City Thundercats batting - Pitching for Phoenix Hotspur : LHP Wes Hamm
Batting: RHB Nick Simmons 0-0: Ball
1-0: Ball
2-0: Ball
3-0: Base on Balls
Batting: RHB Steve Dunn 0-0: Ball
1-0: Called Strike
1-1: Foul Ball, location: 2F
1-2: Foul Ball, location: 2F
1-2: Foul Ball, location: 2F
1-2: Grounds into double play, 4-6-3 (Groundball, 34)
Batting: SHB Leonard O'Connor 0-0: Ball
1-0: Ball
2-0: Ball
3-0: Foul Ball, location: 2F
3-1: Foul Ball, location: 2F
3-2: Base on Balls
Batting: RHB Chriss Mann 0-0: Foul Ball, location: 2F
0-1: Fielders Choice at 2nd, 6-4 (Groundball, 56)
Bottom of the 3rd over - 0 run(s), 0 hit(s), 0 error(s), 0 left on base; Phoenix 0 - Richardson City 0
TOP OF THE 4TH
Phoenix Hotspur batting - Pitching for Richardson City Thundercats : LHP Jesús Gonzáles
Batting: SHB Dave Orchard 0-0: Called Strike
0-1: Foul Ball, location: 2F
0-2: Strikes out looking
Batting: RHB Pedro Torrez 0-0: Called Strike
0-1: Called Strike
0-2: Ball
1-2: Strikes out swinging
Batting: RHB Juan Banda 0-0: Called Strike
0-1: Ball
1-1: Foul Ball, location: 2F
1-2: Strikes out looking
Top of the 4th over - 0 run(s), 0 hit(s), 0 error(s), 0 left on base; Phoenix 0 - Richardson City 0
BOTTOM OF THE 4TH
Richardson City Thundercats batting - Pitching for Phoenix Hotspur : LHP Wes Hamm
Batting: RHB Juan Cabrera 0-0: Called Strike
0-1: Ball
1-1: Foul Ball, location: 2F
1-2: Ball
2-2: SINGLE (Line Drive, 6D)
Batting: RHB Nate Cates 0-0: Ball
1-0: 2-RUN HOME RUN (Line Drive, 89XD), Distance : 414 ft
Batting: RHB Yong-oon Yi 0-0: SINGLE (Groundball, 56D)
Batting: SHB Eugene Parrish 0-0: Fly out, F4 (Popup, 4D)
Batting: RHB Joey Jones 0-0: Ball
1-0: Ball
2-0: Ball
3-0: Called Strike
3-1: Grounds into double play, 6-4-3 (Groundball, 6)
Bottom of the 4th over - 2 run(s), 3 hit(s), 0 error(s), 0 left on base; Phoenix 0 - Richardson City 2
TOP OF THE 5TH
Phoenix Hotspur batting - Pitching for Richardson City Thundercats : LHP Jesús Gonzáles
Batting: RHB Keith Burnett 0-0: Called Strike
0-1: Ball
1-1: Ball
2-1: Foul Ball, location: 2F
2-2: Ball
3-2: Base on Balls
Batting: LHB Clark Espinosa 0-0: Ball
1-0: Sac Bunt - play at first, batter OUT! 5-4
Keith Burnett to second
Batting: RHB Juan Aguirre 0-0: Called Strike
0-1: Ball
1-1: Called Strike
1-2: Foul Ball, location: 2F
1-2: SINGLE (Groundball, 34D)
Keith Burnett to third
Runner from 3rd tries for Home, SAFE, throw made home
Juan Aguirre to second
Batting: RHB Jorge Gonzáles 0-0: SINGLE (Groundball, 6MD)
Juan Aguirre to third
Throwing error, E8
Juan Aguirre scores
Jorge Gonzáles to second
Batting: LHB John Cossey 0-0: Ball
1-0: Foul Ball, location: 2F
1-1: Called Strike
1-2: Foul Ball, location: 2F
1-2: Foul Ball, location: 2F
1-2: Strikes out swinging
Batting: RHB Raúl González 0-0: Ball
1-0: Called Strike
1-1: Foul Ball, location: 2F
1-2: Ball
2-2: SINGLE (Line Drive, 8LS)
Jorge Gonzáles to third
Runner from 3rd tries for Home, SAFE, throw made home
Batting: SHB Dave Orchard 0-0: Ball
1-0: Ground out 6-3 (Groundball, 6)
Top of the 5th over - 3 run(s), 3 hit(s), 1 error(s), 1 left on base; Phoenix 3 - Richardson City 2
BOTTOM OF THE 5TH
Richardson City Thundercats batting - Pitching for Phoenix Hotspur : LHP Wes Hamm
Batting: RHB Nick Simmons 0-0: Foul Ball, location: 2F
0-1: Foul Ball, location: 2F
0-2: Ball
1-2: Ball
2-2: Fly out, F5 (Popup, 15)
Batting: RHB Steve Dunn 0-0: Called Strike
0-1: Ball
1-1: SOLO HOME RUN (Flyball, 7D), Distance : 360 ft
Batting: SHB Leonard O'Connor 0-0: Called Strike
0-1: Foul Ball, location: 2F
0-2: Ball
1-2: Fly out, F8 (Flyball, 8LM)
Batting: RHB Chriss Mann 0-0: Ball
1-0: Called Strike
1-1: Ball
2-1: Ball
3-1: Swinging Strike
3-2: Ground out 6-3 (Groundball, 6M)
Bottom of the 5th over - 1 run(s), 1 hit(s), 0 error(s), 0 left on base; Phoenix 3 - Richardson City 3
TOP OF THE 6TH
Phoenix Hotspur batting - Pitching for Richardson City Thundercats : LHP Jesús Gonzáles
Batting: RHB Pedro Torrez 0-0: Ball
1-0: Ball
2-0: Called Strike
2-1: Ball
3-1: Swinging Strike
3-2: Foul Ball, location: 2F
3-2: Ground out 6-3 (Groundball, 6M)
Batting: RHB Juan Banda 0-0: Ground out 6-3 (Groundball, 6M)
Batting: RHB Keith Burnett 0-0: Ball
1-0: Ball
2-0: Ball
3-0: Base on Balls
Batting: LHB Clark Espinosa 0-0: Foul Ball, location: 2F
0-1: Ball
1-1: Ball
2-1: Ball
3-1: Fly out, F4 (Line Drive, 4)
Top of the 6th over - 0 run(s), 0 hit(s), 0 error(s), 1 left on base; Phoenix 3 - Richardson City 3
BOTTOM OF THE 6TH
Richardson City Thundercats batting - Pitching for Phoenix Hotspur : LHP Wes Hamm
Pitching: RHP Feliks Mleczko
Batting: RHB Juan Cabrera 0-0: Called Strike
0-1: Hit by Pitch
Batting: RHB Nate Cates 0-0: Called Strike
0-1: Ball
1-1: Swinging Strike
1-2: SINGLE (Line Drive, 4D)
Juan Cabrera to second
Batting: RHB Yong-oon Yi 0-0: Called Strike
0-1: Ball
1-1: Grounds into double play, U6-3 (Groundball, 6M)
Juan Cabrera to third
Batting: SHB Eugene Parrish 0-0: Called Strike
0-1: Swinging Strike
0-2: Strikes out swinging
Bottom of the 6th over - 0 run(s), 1 hit(s), 0 error(s), 1 left on base; Phoenix 3 - Richardson City 3
TOP OF THE 7TH
Phoenix Hotspur batting - Pitching for Richardson City Thundercats : LHP Jesús Gonzáles
Batting: RHB Juan Aguirre 0-0: Ball
1-0: Swinging Strike
1-1: SINGLE (Line Drive, 8LS)
Batting: RHB Jorge Gonzáles 0-0: Ball
1-0: Ball
2-0: Grounds into double play, 6-4-3 (Groundball, 6)
Pinch Hitting: RHB Billy Strauss 0-0: Foul Ball, location: 2F
0-1: Ball
1-1: Foul Ball, location: 2F
1-2: Fly out, F7 (Popup, 7S)
Top of the 7th over - 0 run(s), 1 hit(s), 0 error(s), 0 left on base; Phoenix 3 - Richardson City 3
BOTTOM OF THE 7TH
Richardson City Thundercats batting - Pitching for Phoenix Hotspur : RHP Feliks Mleczko
Now in CF: Billy Strauss
Batting: RHB Joey Jones 0-0: Ball
1-0: SINGLE (Groundball, 56D)
Batting: RHB Nick Simmons 0-0: Grounds into double play, 5-4-3 (Groundball, 5)
Batting: RHB Steve Dunn 0-0: Ball
1-0: Called Strike
1-1: SINGLE (Groundball, 56)
Batting: SHB Leonard O'Connor 0-0: Called Strike
0-1: Ground out 3-1 (Groundball, 34)
Bottom of the 7th over - 0 run(s), 2 hit(s), 0 error(s), 1 left on base; Phoenix 3 - Richardson City 3
TOP OF THE 8TH
Phoenix Hotspur batting - Pitching for Richardson City Thundercats : LHP Jesús Gonzáles
Batting: RHB Raúl González 0-0: Called Strike
0-1: Ball
1-1: Ball
2-1: Swinging Strike
2-2: Strikes out swinging
Batting: SHB Dave Orchard 0-0: Called Strike
0-1: Called Strike
0-2: Strikes out looking
Batting: RHB Pedro Torrez 0-0: Ball
1-0: Ball
2-0: Called Strike
2-1: Ball
3-1: Called Strike
3-2: Foul Ball, location: 2F
3-2: Base on Balls
Pitching: RHP Ryan Davis
Pinch Hitting: RHB Chet Nix 0-0: Called Strike
0-1: Foul Ball, location: 2F
0-2: Strikes out swinging
Top of the 8th over - 0 run(s), 0 hit(s), 0 error(s), 1 left on base; Phoenix 3 - Richardson City 3
BOTTOM OF THE 8TH
Richardson City Thundercats batting - Pitching for Phoenix Hotspur : RHP Feliks Mleczko
Now at 2B: Félix Rodríguez
Batting: RHB Chriss Mann 0-0: Ball
1-0: Called Strike
1-1: Ground out 5-3 (Groundball, 5S)
Batting: RHB Juan Cabrera 0-0: Ball
1-0: Ball
2-0: Ball
3-0: Called Strike
3-1: Base on Balls
Pitching: RHP Craig Gasnier
Batting: RHB Nate Cates 0-0: Foul Ball, location: 2F
0-1: Ball
1-1: Foul Ball, location: 2F
1-2: Foul Ball, location: 2F
1-2: Ball
2-2: Ball
3-2: Foul Ball, location: 2F
3-2: Base on Balls
Juan Cabrera to second
Batting: RHB Yong-oon Yi 0-0: Ball
1-0: Swinging Strike
1-1: Called Strike
1-2: Ball
2-2: Grounds into double play, 5-4-3 (Groundball, 5)
Bottom of the 8th over - 0 run(s), 0 hit(s), 0 error(s), 1 left on base; Phoenix 3 - Richardson City 3
TOP OF THE 9TH
Phoenix Hotspur batting - Pitching for Richardson City Thundercats : RHP Ryan Davis
Pitching: RHP Dave Reed
Batting: RHB Keith Burnett 0-0: Ball
1-0: Ball
2-0: Called Strike
2-1: Foul Ball, location: 2F
2-2: Strikes out swinging
Batting: LHB Clark Espinosa 0-0: Called Strike
0-1: Fly out, F9 (Flyball, 89M)
Batting: RHB Juan Aguirre 0-0: Called Strike
0-1: Ball
1-1: Foul Ball, location: 2F
1-2: Ball
2-2: Ball
3-2: Foul Ball, location: 2F
3-2: Fly out, F8 (Line Drive, 8LXD)
Top of the 9th over - 0 run(s), 0 hit(s), 0 error(s), 0 left on base; Phoenix 3 - Richardson City 3
BOTTOM OF THE 9TH
Richardson City Thundercats batting - Pitching for Phoenix Hotspur : RHP Craig Gasnier
Pinch Hitting: LHB Terrence Eler 0-0: Called Strike
0-1: Ball
1-1: Ground out 2-3 (Groundball, 2R)
Batting: RHB Joey Jones 0-0: Fly out, F4 (Popup, 34D)
Batting: RHB Nick Simmons 0-0: Called Strike
0-1: Ground out 6-3 (Groundball, 6)
Bottom of the 9th over - 0 run(s), 0 hit(s), 0 error(s), 0 left on base; Phoenix 3 - Richardson City 3
TOP OF THE 10TH
Phoenix Hotspur batting - Pitching for Richardson City Thundercats : RHP Dave Reed
Now at SS: Alden Wiley
Batting: RHB Jorge Gonzáles 0-0: Ball
1-0: Foul Ball, location: 2F
1-1: Ball
2-1: Foul Ball, location: 2F
2-2: Ball
3-2: Foul Ball, location: 2F
3-2: SOLO HOME RUN (Flyball, 7D), Distance : 371 ft
Batting: RHB Billy Strauss 0-0: Called Strike
0-1: Ball
1-1: Foul Ball, location: 2F
1-2: Ball
2-2: Fly out, F7 (Flyball, 7LM)
Batting: RHB Raúl González 0-0: Ball
1-0: Foul Ball, location: 2F
1-1: Ground out 4-3 (Groundball, 34)
Batting: SHB Dave Orchard 0-0: Called Strike
0-1: Ball
1-1: Foul Ball, location: 2F
1-2: Ball
2-2: Ball
3-2: Fly out, F4 (Popup, 4MD)
Top of the 10th over - 1 run(s), 1 hit(s), 0 error(s), 0 left on base; Phoenix 4 - Richardson City 3
BOTTOM OF THE 10TH
Richardson City Thundercats batting - Pitching for Phoenix Hotspur : RHP Craig Gasnier
Pitching: RHP Jesús Olvero
Batting: RHB Steve Dunn 0-0: Ball
1-0: Foul Ball, location: 2F
1-1: Swinging Strike
1-2: Foul Ball, location: 2F
1-2: Ground out 1-3 (Groundball, 13)
Batting: SHB Leonard O'Connor 0-0: Swinging Strike
0-1: Hit by Pitch
Batting: RHB Chriss Mann 0-0: Ball
1-0: Ball
2-0: Ball
3-0: Called Strike
3-1: Base on Balls
Leonard O'Connor to second
Batting: RHB Juan Cabrera 0-0: Ball
1-0: Ball
2-0: Ball
3-0: Called Strike
3-1: Foul Ball, location: 2F
3-2: Foul Ball, location: 2F
3-2: Base on Balls
Leonard O'Connor to third
Chriss Mann to second
Batting: RHB Nate Cates 0-0: Called Strike
0-1: Ball
1-1: Ball
2-1: Swinging Strike
2-2: Ball
3-2: Base on Balls
Leonard O'Connor scores
Chriss Mann to third
Juan Cabrera to second
Batting: RHB Yong-oon Yi 0-0: Fly out, F2 (Popup, 23F)
Batting: RHB Alden Wiley 0-0: Ball
1-0: Ground out 5-3 (Groundball, 5S)
Bottom of the 10th over - 1 run(s), 0 hit(s), 0 error(s), 3 left on base; Phoenix 4 - Richardson City 4
TOP OF THE 11TH
Phoenix Hotspur batting - Pitching for Richardson City Thundercats : RHP Dave Reed
Pitching: LHP Rick Payne
Batting: RHB Pedro Torrez 0-0: Ball
1-0: Ball
2-0: Ball
3-0: Called Strike
3-1: Base on Balls
Batting: RHB Félix Rodríguez 0-0: DOUBLE (Line Drive, 78M)
Pedro Torrez to third
Batting: RHB Keith Burnett 0-0: Intentional Walk
Batting: LHB Clark Espinosa 0-0: Called Strike
0-1: Ball
1-1: Called Strike
1-2: Strikes out swinging
Batting: RHB Juan Aguirre 0-0: DOUBLE (Groundball, 3L)
Pedro Torrez scores
Félix Rodríguez scores
Keith Burnett to third
Batting: RHB Jorge Gonzáles 0-0: Intentional Walk
Pitching: RHP Emílio Zaragoza
Batting: RHB Billy Strauss 0-0: Ball
1-0: Swinging Strike
1-1: Ball
2-1: Ball
3-1: Ground out 5-3 (Groundball, 56S)
Keith Burnett scores
Juan Aguirre to third
Jorge Gonzáles to second
Batting: RHB Raúl González 0-0: Foul Ball, location: 2F
0-1: Foul Ball, location: 2F
0-2: Ball
1-2: Ball
2-2: Ball
3-2: Foul Ball, location: 2F
3-2: Foul Ball, location: 2F
3-2: Fly out, F9 (Flyball, 89S)
Top of the 11th over - 3 run(s), 2 hit(s), 0 error(s), 2 left on base; Phoenix 7 - Richardson City 4
BOTTOM OF THE 11TH
Richardson City Thundercats batting - Pitching for Phoenix Hotspur : RHP Jesús Olvero
Batting: RHB Joey Jones 0-0: Ball
1-0: Ground out U3 (Groundball, 3L)
Batting: RHB Nick Simmons 0-0: Called Strike
0-1: Foul Ball, location: 2F
0-2: Strikes out swinging
Batting: RHB Steve Dunn 0-0: Called Strike
0-1: Ball
1-1: Ground out 5-3 (Groundball, 56)
Bottom of the 11th over - 0 run(s), 0 hit(s), 0 error(s), 0 left on base; Phoenix 7 - Richardson City 4
This league is powered by Out of the Park Baseball, the baseball management simulation game for PC, Mac and Linux
Friday, April 15th, 2016 - OOTP Baseball 16.9 Build 39